 Dungeon Crawl Stone Soup version 0.30-a0-5-g3a90980b9d (webtiles) character file.

Game seed: 9378232650777359984

710 PentaManta the Transmogrifier (level 7, -3/48 HPs)
             Began as a Merfolk Transmuter on Aug 22, 2022.
             Slain by a gnoll
             ... wielding a +0 halberd
              (13 damage)
             ... on level 5 of the Dungeon.
             The game lasted 00:13:14 (6927 turns).

PentaManta the Transmogrifier (Merfolk Transmuter)  Turns: 6927, Time: 00:13:18

Health: -3/48      AC:  2    Str: 10    XL:     7   Next: 68%
Magic:  3/10       EV: 14    Int: 15    God:
Gold:   254        SH:  0    Dex: 14    Spells: 3/11 levels left

rFire   . . .      SeeInvis .      - Unarmed
rCold   . . .      Faith    .    (no shield)
rNeg    . . .      Spirit   .    a - +0 robe
rPois   .          Reflect  .    m - +0 hat
rElec   .          Harm     .    (no cloak)
rCorr   .          Rampage  .    (no gloves)
Will    .....                    (no boots)
Stlth   +.........               (no amulet)
HPRegen 0.16/turn                (no ring)
MPRegen 0.12/turn                (no ring)

@: wereblooded
A: (nimble swimmer 2), mertail
a: no special abilities


You were on level 5 of the Dungeon.
You visited 1 branch of the dungeon, and saw 5 of its levels.
You also visited: Sewer.

You collected 254 gold pieces.

Inventory:

Missiles
 c - 13 poisoned darts
 e - 54 stones
Armour
 a - a +0 robe (worn)
 m - a +0 hat (worn)
Jewellery
 g - a ring of ice
Wands
 h - a wand of paralysis (2)
Scrolls
 d - a scroll of teleportation {unknown}
 i - 2 scrolls of magic mapping {unknown}
 j - a scroll of blinking {unknown}
 k - a scroll of enchant armour {unknown}
 l - 3 scrolls of fear {unknown}
 q - 2 scrolls of enchant weapon
 t - 2 scrolls of poison {unknown}
 v - a scroll of amnesia {unknown}
 x - a scroll of immolation {unknown}
 y - a scroll of identify
 B - a scroll of fog {unknown}
Potions
 b - 2 potions of lignification
 f - a potion of mutation {unknown}
 n - a potion of degeneration {unknown}
 o - a potion of haste {unknown}
 p - 3 potions of brilliance {unknown}
 r - 2 potions of magic {unknown}
 s - 2 potions of resistance {unknown}
 u - a potion of attraction {unknown}
 w - a potion of experience {unknown}
 z - 3 potions of curing {unknown}
 A - 2 potions of might


   Skills:
 - Level 1.1 Fighting
 * Level 6.4 Dodging
 + Level 4.7 Unarmed Combat
 - Level 2.6 Spellcasting
 - Level 8.0 Transmutations


You had 3 spell levels left.
You knew the following spells:

 Your Spells              Type           Power      Damage    Failure   Level
a - Beastly Appendage     Tmut           50%        N/A       1%          1
b - Wereblood             Tmut           25%        N/A       1%          2
c - Spider Form           Tmut/Pois      13%        N/A       12%         3
d - Passwall              Tmut/Erth      10%        N/A       6%          2

Your spell library contained the following spells:

 Spells                   Type           Power      Damage    Failure   Level
 Sandblast                Erth           2%         2d4       22%         1
 Ensorcelled Hibernation  Hex/Ice        2%         N/A       32%         2
 Dazzling Flash           Conj/Hex       2%         N/A       54%         3
 Stone Arrow              Conj/Erth      2%         3d7       54%         3
 Swiftness                Air            1%         N/A       54%         3
 Ice Form                 Ice/Tmut       13%        N/A       38%         4
 Iskenderun's Mystic Bla  Conj/Tloc      1%         2d3       91%         4
 Starburst                Conj/Fire      0%         6d3       100%        6


Dungeon Overview and Level Annotations

Branches:
Dungeon (5/15)              Sewer (visited)
 Temple: D:4-7

Altars:
Cheibriados
Nemelex Xobeh
Sif Muna
Uskayaw
The Shining One


Innate Abilities, Weirdness & Mutations

((You are very nimble when in or above water. (Stealth+, EV+, Speed+++)))
Your lower body shifts to a powerful aquatic tail in water.


Message History

You feel sick. The gnoll completely misses you. The gnoll misses you.
You bite the gnoll!
The gnoll looks as sick as possible!
The gnoll is almost dead.
You feel sick.
You feel a bit better.
You kill the gnoll!
The gnoll closely misses you.
The gnoll hits you from afar with a +0 halberd!
You hit the gnoll.
The gnoll is poisoned.
The gnoll is lightly wounded.
You feel sick. The gnoll closely misses you. The gnoll completely misses you.
You bite the gnoll!
The gnoll looks as sick as possible!
The gnoll is almost dead.
You feel sick.
You feel a bit better.
You kill the gnoll!
The gnoll completely misses you.
You feel sick. The gnoll hits you with a +0 halberd!
* * * LOW HITPOINT WARNING * * *
You hit the gnoll.
The gnoll is moderately wounded.
You feel sick.
You hear an angry hiss.
The gnoll barely misses you.
You hit the gnoll.
The gnoll is poisoned.
The gnoll is severely wounded.
You hiss as the wereblood boils in your veins!
You feel sick.
You hear an angry hiss.
You hit the gnoll.
The gnoll looks as sick as possible!
The gnoll is severely wounded.
You feel sick.
You are no longer poisoned.
The gnoll completely misses you.
An adder comes into view.
You hit the gnoll but do no damage.
The gnoll looks as sick as possible!
The gnoll is almost dead.
You hiss as the wereblood boils in your veins!
Your transformation has ended.
Your +0 hat unmelds from your body.
Your +0 robe unmelds from your body.
The gnoll hits you with a +0 halberd!
You die...

........)#.............
...........##..........
.........###...........
..........##..#...##..
#............#.### ..
#.............# .# #
#.........#..#
#..#.).............
#...g@..............
...S....).............
....(......##...#.....
..#[...........##....#
. ####...#......# ...
##..#......# .....##...
....## ###


You could see a gnoll (extremely poisoned) and an adder.

Vanquished Creatures
  An ice beast (D:5)
  3 bullfrogs
  A hound (D:5)
  3 iguanas
  An orc wizard (D:4)
  13 adders
  2 gnolls (D:5)
  A river rat (Sewer)
  A white imp (D:5)
  An ufetubus (D:4)
  4 worms
  4 dart slugs
  5 orcs
  17 ball pythons
  5 bats
  9 endoplasms
  A giant cockroach (D:1)
  5 goblins
  9 hobgoblins
  10 jackals
  8 kobolds
  4 quokkas
  3 frilled lizards (Sewer)
  30 rats
141 creatures vanquished.

Notes
Turn   | Place    | Note
-------+----------+-------------------------------------------
     0 | D:1      | PentaManta the Merfolk Transmuter began the quest for the
                  | Orb.
     0 | D:1      | Reached XP level 1. HP: 15/15 MP: 3/3
    87 | D:1      | Reached skill level 3 in Transmutations
   179 | D:1      | Reached XP level 2. HP: 20/21 MP: 3/5
   210 | D:1      | Found a faded altar of an unknown god.
   242 | D:1      | HP: 1/21 [jackal (2)]
   528 | D:1      | Learned a level 2 spell: Wereblood
   543 | D:1      | Reached skill level 4 in Transmutations
   977 | D:1      | Reached XP level 3. HP: 21/26 MP: 4/6
  1288 | D:1      | Learned a level 3 spell: Spider Form
  1330 | D:1      | Reached skill level 5 in Transmutations
  1972 | D:2      | You fall into a shaft and drop 1 floor!
  1972 | D:3      | Found a glowing drain.
  1997 | D:3      | Reached XP level 4. HP: 25/32 MP: 7/7
  2005 | Sewer    | Entered a sewer
  2321 | Sewer    | Reached skill level 6 in Transmutations
  2795 | Sewer    | Reached XP level 5. HP: 34/37 MP: 5/8
  2864 | Sewer    | HP: 1/37 [ball python (2)]
  2865 | Sewer    | Reached skill level 7 in Transmutations
  2868 | Sewer    | Reached skill level 8 in Transmutations
  2868 | Sewer    | Reached XP level 6. HP: 27/43 MP: 7/9
  2970 | D:3      | Identified the +5 quarterstaff "Bime" {drain, rN+ Str+4
                  | Int+6}
  4278 | D:3      | Identified the +0 short sword of Kiruacam {holy, *Rage
                  | rPois rC++ Dex+2}
  4747 | D:3      | Found a sparkling altar of Nemelex Xobeh.
  4837 | D:3      | Found a snail-covered altar of Cheibriados.
  5680 | D:4      | Found a glowing golden altar of the Shining One.
  5923 | D:4      | Found a shimmering blue altar of Sif Muna.
  6018 | D:5      | Entered Level 5 of the Dungeon
  6096 | D:5      | Reached skill level 5 in Dodging
  6096 | D:5      | Reached XP level 7. HP: 32/48 MP: 1/10
  6114 | D:4      | Learned a level 2 spell: Passwall
  6379 | D:5      | Found a hide-covered altar of Uskayaw.
  6927 | D:5      | Slain by a gnoll

Illustrated notes

Levels and vault maps discovered:
D:1:      psy_arrival_radial01, layout_loops_ring,
          ebering_ecumenical_altar_sacrificial, minivault_24
D:2:      layout_loops_corners
D:3:      layout_basic, nemelex_altar_shiori, chei_slow_surprise,
          cheibrodos_sewer_entry_bend
D:4:      layout_rooms, led_sif_pool, tso_metal_star
D:5:      layout_cave_pools, mainiacjoe_overflow_six_doors_small

Skill      XL: |  1  2  3  4  5  6  7 |
---------------+----------------------+-----
Transmutations | 3 4 5 6 8 |  8.0
Dodging        | 5 6 |  6.4
Unarmed Combat | 4 |  4.7
Fighting       | |  1.1
Spellcasting   | |  2.6

Action                   |  1- 3 |  4- 6 |  7- 9 || total
-------------------------+-------+-------+-------++-------
Melee: Unarmed           |   119 |   224 |    56 ||   399
       Headbutt          |    15 |    11 |       ||    26
       Punch             |     1 |       |       ||     1
       Tailslap          |       |     8 |       ||     8
 Cast: Beastly Appendage |    28 |     8 |       ||    36
       Wereblood         |     2 |     4 |     1 ||     7
       Spider Form       |       |    32 |     6 ||    38
Evoke: Wand              |       |       |     3 ||     3
  Use: Scroll            |       |     3 |       ||     3
       Potion            |       |     3 |       ||     3
 Stab: Sleeping          |       |     1 |       ||     1
       Paralysed         |       |       |     4 ||     4
Armor: Robe              |    13 |    20 |       ||    33
       Skin              |       |     9 |     2 ||    11
Dodge: Dodged            |    65 |   207 |    49 ||   321

Table legend: (Time is in decaauts)
 A = Elapsed time spent in this place.
 B = Non-inter-level travel time spent in this place.
 C = Inter-level travel time spent in this place.
 D = Time resting spent in this place.
 E = Time spent auto-exploring this place.
 F = Levels seen in this place.
 G = Mean time per level.
                   A        B        C        D        E       F      G
               +--------+--------+--------+--------+--------+-----+--------+
         Total |   6845 |   6760 |     85 |   1324 |   4299 |   6 | 1140.8 |
       Dungeon |   5949 |   5864 |     85 |    818 |   4227 |   5 | 1189.8 |
         Sewer |    895 |    895 |      0 |    506 |     71 |   1 |  895.0 |
               +--------+--------+--------+--------+--------+-----+--------+

Top non-repeatable levels by time:
     D:1: 1518 daAuts
     D:3: 1432 daAuts
     D:2: 1336 daAuts
     D:4: 1236 daAuts
   Sewer: 895 daAuts
     D:5: 426 daAuts
